Unix NetHack Version 5.0.0-0 post-release - last build May 10 2026 23:12:36 (d1fa5d53e341ca933230fdaa984d921c805b60aa,branch:main).

Game began 2026-05-13 20:33:17, ended 2026-05-13 20:56:38.

BeardyHaddock, neutral male gnomish Archeologist

                                                        ^.r o
                                                       ..@$
                                                       .<.o
                                                       .G.
                                                               hh

BeardyHaddock the Field Worker  St:15 Dx:8 Co:12 In:18 Wi:12 Ch:10  Neutral
Dlvl:5  $:83 HP:0(28) Pw:12(12) AC:4  Xp:3 T:1887  Burdened

Latest messages:
 You are about to vomit.
 You feel a bit steadier now.
 You vomit!
 You can move again.
 The little dog misses the shrieker.
 You see here a black gem.
 The little dog bites the shrieker.
 The little dog bites the shrieker.
 The shrieker is killed!
 You find an anti-magic field.
 You see here a red gem.
 You have a little trouble lifting J - a red gem.
 What do you want to use or apply? [ae-inpwB or ?*] g
 What do you want to rub on the stone? [$J or ?*] J
 J - a worthless piece of red glass.
 You see here a black gem.
 You have a little trouble lifting K - a black gem.
 What do you want to use or apply? [ae-inpwB or ?*] g
 What do you want to rub on the stone? [$K or ?*] K
 K - a worthless piece of black glass.
 Click!  You trigger a rolling boulder trap!
 The boulder hits the little dog!
 The little dog is killed!
 A boulder misses you.
 Click!  The newt triggers a rolling boulder trap.
 The boulder hits the newt!
 The newt is killed!
 You fall down the stairs.
 You miss the rock mole.
 The rock mole bites!
 You miss the rock mole.
 The rock mole bites!
 You miss the rock mole.
 You find a bear trap.
 You hit the rock mole.
 The rabid rat bites!
 The rabid rat bites!
 The rock mole bites!
 You miss the rock mole.
 The rabid rat bites!
 You miss the rock mole.
 The rabid rat bites!
 You kill the rock mole!
 The rabid rat bites!
 You die...
 Do you want your possessions identified? [ynq] (y) n
 Do you want to see your attributes? [ynq] (y) n
 Do you want an account of creatures vanquished? [ynaq] (y) n
 Do you want to see your conduct and achievements? [ynq] (y) n
 Do you want to see the dungeon overview? [ynq] (y) n

Inventory:
 Coins    ('$')
  $ - 83 gold pieces
 Weapons  (')')
  A - 11 +0 arrows
  q - a +0 sling (alternate weapon; not wielded)
  a - a +2 bullwhip
 Armor    ('[')
  c - an uncursed +0 fedora (being worn)
  D - an uncursed +0 pair of iron shoes
  H - an uncursed +0 large shield
  E - an uncursed +0 dwarvish cloak
  r - a blessed +1 elven mithril-coat (being worn)
  j - a blessed +0 leather jacket
  b - an uncursed +0 leather jacket
 Comestibles  ('%')
  m - an uncursed slime mold
  d - 5 uncursed food rations
  x - an uncursed orange
 Scrolls  ('?')
  y - an uncursed scroll of confuse monster
  u - an uncursed scroll of identify
  o - 2 uncursed scrolls of teleportation
 Rings    ('=')
  l - an uncursed +5 ring of protection
 Wands    ('/')
  n - a wand of digging (0:6)
  p - a wand of fire (0:4)
 Tools    ('(')
  h - an empty uncursed sack
  w - a can of grease (0:19)
  e - a +1 pick-axe (weapon in right hand)
  B - an uncursed stethoscope
  f - a tinning kit (0:59)
  i - an uncursed towel
 Gems/Stones  ('*')
  K - an uncursed worthless piece of black glass
  J - an uncursed worthless piece of red glass
  g - an uncursed touchstone

BeardyHaddock the Archeologist's attributes:

Background:
 You were a Field Worker, a level 3 male gnomish Archeologist.
 You were neutral, on a mission for Camaxtli
 who was opposed by Quetzalcoatl (lawful) and Huhetotl (chaotic).
 You were right-handed.
 You were in the Gnomish Mines, on level 5.
 You entered the dungeon 1887 turns ago.
 You had 71 experience points, 9 more were needed to attain level 4.

Basics:
 You had 0 out of 28 hit points.
 You had all 12 energy points (spell power).
 Your armor class was 4.
 Your wallet contained 83 zorkmids.
 Autopickup was off.

Final Characteristics:
 Your strength was 15 (limit:18/50).
 Your dexterity was 8 (limit:18).
 Your constitution was 12 (limit:18).
 Your intelligence was 18 (limit:19).
 Your wisdom was 12 (limit:18).
 Your charisma was 10 (limit:18).

Final Status:
 You weren't hungry.
 You were burdened; movement was slightly slowed.
 You were wielding a pick-axe.
 You had basic skill with pick-axe.

Final Attributes:
 You were fervently aligned.
 You had automatic searching.
 You had infravision.
 You were guarded.
 You were lucky.
 You are dead.

Miscellaneous:
 You didn't encounter any bones levels.
 Total elapsed playing time was 23 minutes and 21 seconds.

Major events:
 Turn
    1: BeardyHaddock the neutral male gnomish Archeologist entered the dungeon
 1338: attained the rank of Field Worker (level 3)
 1597: entered the Gnomish Mines
 1887: killed by a rabid rat

You didn't know any spells.

Skills:
 Fighting Skills
   bare handed combat [Unskilled]
   two weapon combat  [Unskilled]
   riding             [Unskilled]
 Weapon Skills
   dagger             [Unskilled]
   knife              [Unskilled]
   pick-axe           [Basic]
   short sword        [Unskilled]
   saber              [Unskilled]
   club               [Unskilled]
   quarterstaff       [Unskilled]
   sling              [Unskilled]
   dart               [Unskilled]
   boomerang          [Unskilled]
   whip               [Basic]
   unicorn horn       [Unskilled]
 Spellcasting Skills
   attack spells      [Unskilled]
   healing spells     [Unskilled]
   divination spells  [Unskilled]
   matter spells      [Unskilled]

Voluntary challenges:
 Character rerolling was not enabled.
 You never genocided any monsters.
 You never polymorphed an object.
 You never changed form.
 You used no wishes.
Achievements:
 You entered a shop.
 You attained the rank of Field Worker.
 You entered the Gnomish Mines.

 The Dungeons of Doom: levels 1 to 4
    Level 1:
       Some fountains.
    Level 2:
       A general store, many altars, a sink.
    Level 3:
       Stairs down to The Gnomish Mines.
    Level 4:
 The Gnomish Mines: levels 4 to 5
    Level 4:
    Level 5: <- You were here.
       Final resting place for
          you, killed by a rabid rat.


Vanquished creatures:
  a rock mole
  2 shriekers
  a little dog
  2 dwarves
 an iguana
  a hobbit
  2 cave spiders
  a gnome
  2 geckos
  6 jackals
  a fox
  a goblin
  4 sewer rats
  7 grid bugs
  4 lichens
  a kobold zombie
  5 newts
42 creatures vanquished.

No species were genocided or became extinct.

Game over:
                       ----------
                      /          \
                     /    REST    \
                    /      IN      \
                   /     PEACE      \
                  /                  \
                  |  BeardyHaddock   |
                  |      83 Au       |
                  |   killed by a    |
                  |    rabid rat     |
                  |                  |
                  |                  |
                  |       2026       |
                 *|     *  *  *      | *
        _________)/\\_//(\/(/\)/\//\/|_)_______

Goodbye BeardyHaddock the Archeologist...

You died in The Gnomish Mines on dungeon level 5 with 579 points,
and 83 pieces of gold, after 1887 moves.
You were level 3 with a maximum of 28 hit points when you died.

